 Dungeon Crawl Stone Soup version 0.30-a0-360-g447f08457e (webtiles) character file.

Game seed: 5785115535494333094

376 oldriver the Magician (level 6, -12/46 HPs)
             Began as a Mummy Necromancer on Nov 13, 2022.
             Shot with an arrow by a centaur (13 damage)
             ... on level 4 of the Dungeon on Nov 14, 2022.
             The game lasted 00:07:34 (3125 turns).

oldriver the Magician (Mummy Necromancer)           Turns: 3125, Time: 00:07:35

Health: -12/46     AC:  3    Str: 11    XL:     6   Next: 44%
Magic:  1/14       EV: 12    Int: 17    God:
Gold:   154        SH:  0    Dex: 12    Spells: 9/16 levels left

rFire   x . .      SeeInvis +    i - +0 shortbow (flame)
rCold   + . .      Faith    +    (shield currently unavailable)
rNeg    + + +      Spirit   .    a - +0 robe
rPois   ∞          Reflect  .    (no helmet)
rElec   .          Harm     .    e - scarf {shadows}
rCorr   .          Rampage  .    b - +0 pair of gloves
Will    .....                    (no boots)
Stlth   ++........               (no amulet)
HPRegen 0.27/turn                j - ring of see invisible
MPRegen 0.14/turn                (no ring)

@: no status effects
A: cold resistance 1, negative energy resistance 3, torment resistance 2, heat
vulnerability 1, in touch with death 1, no potions, faith
a: no special abilities


You were on level 4 of the Dungeon.
You visited 1 branch of the dungeon, and saw 4 of its levels.

You collected 154 gold pieces.

Inventory:

Hand Weapons
 i - a +0 shortbow of flaming (weapon)
Armour
 a - a +0 robe (worn)
 b - a +0 pair of gloves (worn)
 e - a scarf of shadows (worn)
Jewellery
 d - an amulet of guardian spirit
 j - a ring of see invisible (left hand)
Scrolls
 c - a scroll of amnesia {unknown}
 f - a scroll of identify {unknown}
 g - a scroll of blinking {unknown}
 h - a scroll of noise
 k - a scroll of poison {unknown}


   Skills:
 + Level 2.7 Fighting
 + Level 0.8 Ranged Weapons
 - Level 1.5 Dodging
 - Level 1.5 Stealth
 * Level 5.9 Spellcasting
 + Level 5.0 Necromancy
 + Level 1.3 Ice Magic


You had 9 spell levels left.
You knew the following spells:

 Your Spells              Type           Power      Damage    Failure   Level
a - Necrotise             Necr           100%       1d9       1%          1
b - Vampiric Draining     Necr           33%        2d8       4%          3
c - Ozocubu's Armour      Ice            9%         N/A       22%         3

Your spell library contained the following spells:

 Spells                   Type           Power      Damage    Failure   Level
 Animate Dead             Necr           33%        N/A       16%         4
 Hailstorm                Conj/Ice       7%         3d4       30%         3
 Agony                    Necr           33%        N/A       41%         5
 Petrify                  Tmut/Erth      5%         N/A       78%         4
 Irradiate                Conj/Tmut      2%         3d12      98%         5
 Simulacrum               Ice/Necr       11%        N/A       99%         6
 Ozocubu's Refrigeration  Ice            4%         4d8       100%        7
 Sublimation of Blood     Necr           Unusable   N/A       N/A         2
 Ice Form                 Ice/Tmut       Unusable   N/A       N/A         4

Dungeon Overview and Level Annotations

Branches:
Dungeon (4/15)
 Temple: D:4-7

Altars:
Dithmenos
Nemelex Xobeh

Shops:
D:1 ?


Innate Abilities, Weirdness & Mutations

You are immune to poison.
Your flesh is cold resistant. (rC+)
You are immune to negative energy. (rN+++)
You are immune to unholy pain and torment.
You are vulnerable to heat. (rF-)
You are in touch with the powers of death.
You do not drink.
You have a special connection with the divine. (Faith)


Message History

Out of range.
Okay, then.
Casting: Necrotise (safe; 1% risk of failure)
Confirm with . or Enter, or press ? or * to list all spells.
You don't have enough magic to cast this spell.
You shoot an arrow.
The arrow closely misses the kobold brigand.
The kobold brigand completely misses you.
The centaur shoots an arrow.
The arrow hits you!
Casting: Necrotise (safe; 1% risk of failure)
Confirm with . or Enter, or press ? or * to list all spells.
You don't have enough magic to cast this spell.
Aiming: Necrotise (safe; 1% risk of failure)
Press: ? - help, Q - select action, (/) - cycle Shift-Dir - straight line, f - centaur, p - kobold brigand
Aim: a centaur, wielding a +0 shortbow (chance to affect: 83%)
You feel a surge of power!
The centaur writhes in agony!
The kobold brigand barely misses you.
The centaur shoots an arrow.
The arrow hits you!
Aiming: Necrotise (safe; 1% risk of failure)
Press: ? - help, Q - select action, (/) - cycle Shift-Dir - straight line, f/p - centaur
Aim: a centaur, wielding a +0 shortbow (moderately wounded, chance to affect: 83%)
You feel a surge of power!
The centaur writhes in agony.
The centaur shoots an arrow.
The arrow barely misses you.
The kobold brigand completely misses you.
The centaur shoots an arrow.
The arrow hits you!
* * * LOW HITPOINT WARNING * * *
You don't have enough magic to cast this spell.
Unknown command.
You don't have enough magic to cast this spell.
Sorry, you're not good enough to have a special ability.
You aren't carrying any items that you can evoke.
Fire: i) +0 shortbow (flame)
Press: ? - help, Shift-Dir - straight line, f/p - centaur
Aim: a centaur, wielding a +0 shortbow (moderately wounded, 69% to hit)
You shoot an arrow. The arrow barely misses the centaur.
The centaur shoots an arrow.
The arrow hits you!
* * * LOW HITPOINT WARNING * * *
The kobold brigand hits you but does no damage.
The centaur shoots an arrow.
The arrow hits you!
You die...

.... .K# ..... #.#
.....# #.# ......##K##
.......)o.### .#.
...#####....#....
##...#..#
.......######).#..##
........#.@K)......#
...........##......##
....................#
.......(............#
...........#†.......#
.......c...††.......#
.........##.#.....#....
#..#...###.#...........
##.......†..............


You could see a kobold brigand and a centaur.

Vanquished Creatures
  2 scorpions (D:4)
  An orc priest (D:4)
  Terence (D:2)
  Robin (D:2)
  An adder (D:4)
  4 gnolls (D:3)
  2 worms (D:2)
  A dart slug (D:3)
  4 orcs
  10 ball pythons
  7 endoplasms
  4 giant cockroaches
  17 goblins
  5 hobgoblins
  3 jackals
  7 quokkas
  15 bats
  2 frilled lizards (D:2)
  4 kobolds
  5 rats
96 creatures vanquished.

Vanquished Creatures (collateral kills)
  A vampire bat (D:3)
  An endoplasm (D:2)
2 creatures vanquished.

Grand Total: 98 creatures vanquished

Notes
Turn   | Place    | Note
-------+----------+-------------------------------------------
     0 | D:1      | oldriver the Mummy Necromancer began the quest for the Orb.
     0 | D:1      | Reached XP level 1. HP: 13/13 MP: 4/4
   219 | D:1      | Reached XP level 2. HP: 20/20 MP: 1/6
   592 | D:1      | Reached skill level 1 in Fighting
   724 | D:1      | Gained mutation: You are in touch with the powers of death.
                  | [Mummy growth]
   724 | D:1      | Reached XP level 3. HP: 26/26 MP: 6/8
  1179 | D:1      | Found Hiwnafoo's Magic Scroll Shop.
  1301 | D:2      | Noticed Robin
  1369 | D:2      | Noticed Terence
  1459 | D:2      | Killed Terence
  1460 | D:2      | Reached XP level 4. HP: 32/32 MP: 6/10
  1497 | D:2      | Learned a level 3 spell: Vampiric Draining
  1815 | D:2      | Killed Robin
  2254 | D:2      | Learned a level 3 spell: Ozocubu's Armour
  2490 | D:3      | Reached skill level 5 in Spellcasting
  2490 | D:3      | Reached XP level 5. HP: 37/38 MP: 9/12
  2562 | D:3      | Found a sparkling altar of Nemelex Xobeh.
  2855 | D:3      | Found a shadowy altar of Dithmenos.
  2993 | D:4      | Reached skill level 1 in Ice Magic
  2993 | D:4      | Reached XP level 6. HP: 46/46 MP: 10/14
  3007 | D:4      | Reached skill level 5 in Necromancy
  3125 | D:4      | HP: 1/46 [centaur/arrow (10)]
  3125 | D:4      | Shot with an arrow by a centaur

Illustrated notes

Levels and vault maps discovered:
D:1:      dpeg_arrival_shelter, layout_loops_ring, serial_shops,
          nicolae_lakefront_shop, minmay_bisected
D:2:      layout_rooms, uniq_terence, uniq_robin
D:3:      layout_basic, mainiacjoe_overflow_catch_the_wave, roderic_batcave
D:4:      layout_rooms, mainiacjoe_overflow_paths, minmay_temple_entry_mist,
          hangedman_decor_slide_cut, minmay_snake_closets

Skill      XL: |  1  2  3  4  5  6 |
---------------+-------------------+-----
Spellcasting   | 3 4 5 |  5.9
Fighting       | 1 2 |  2.7
Ice Magic      | 1 |  1.3
Necromancy     | 5 |  5.0
Ranged Weapons | |  0.8
Dodging        | |  1.5
Stealth        | |  1.5

Action                   |  1- 3 |  4- 6 || total
-------------------------+-------+-------++-------
Melee: Unarmed           |     3 |     9 ||    12
 Fire: Shortbow          |       |    49 ||    49
 Cast: Necrotise         |    68 |    75 ||   143
       Vampiric Draining |       |     7 ||     7
  Use: Scroll            |       |     1 ||     1
Armor: Robe              |    13 |    26 ||    39
Dodge: Dodged            |    23 |    65 ||    88

Table legend: (Time is in decaauts)
 A = Elapsed time spent in this place.
 B = Non-inter-level travel time spent in this place.
 C = Inter-level travel time spent in this place.
 D = Time resting spent in this place.
 E = Time spent auto-exploring this place.
 F = Levels seen in this place.
 G = Mean time per level.
                   A        B        C        D        E       F      G
               +--------+--------+--------+--------+--------+-----+--------+
         Total |   3148 |   2917 |    231 |     75 |   2305 |   4 |  787.0 |
       Dungeon |   3148 |   2917 |    231 |     75 |   2305 |   4 |  787.0 |
               +--------+--------+--------+--------+--------+-----+--------+

Top non-repeatable levels by time:
     D:1: 1410 daAuts
     D:2: 947 daAuts
     D:3: 627 daAuts
     D:4: 163 daAuts
